 Dungeon Crawl Stone Soup version 0.27-a0-1347-gd8886f0a89 (webtiles) character file.

Game seed: 9674442314551566284

772 dinky3 the Digger (level 7, -17/59 HPs)
             Began as a Red Draconian Earth Elementalist on June 28, 2021.
             Was a Believer of Ashenzari.
             Demolished by a swamp worm (18 damage)
             ... on level 7 of the Dungeon.
             The game lasted 00:12:25 (1674 turns).

dinky3 the Digger (DrEE)                            Turns: 1674, Time: 00:12:25

Health: -17/59     AC: 10    Str: 10    XL:     7   Next: 53%
Magic:  6/24       EV: 12    Int: 18    God:    Ashenzari [**....]
Gold:   137        SH:  0    Dex: 14    Spells: 2/17 levels left

rFire    + . .     SeeInvis +   a - +0 dagger of Ashenzari's Orthodoxy {Self, Elem} (curse)
rCold    . . .     Faith    .   (no shield)
rNeg     . . .     Spirit   .   (armour unavailable)
rPois    .         Reflect  .   (helmet restricted)
rElec    .         Harm     .   (no cloak)
rCorr    .         Rampage  .   r - +2 pair of gloves {Dex+3}
Will     .....                  f - +0 pair of boots of Ashenzari's Loss {Bglg, Range} (curse)
Stlth    ++........             (no amulet)
HPRegen  0.19/turn              j - ring of magical power
MPRegen  0.19/turn              n - ring "Overhang to Understand" {Slay+4, Evo, Comp} (curse)

@: no status effects
A: breathe fire, AC +6, unfitting armour, fire resistance 1, cold-blooded
a: Breathe Fire, Renounce Religion, Curse Item, Shatter the Chains


You were on level 7 of the Dungeon.
You worshipped Ashenzari.
Ashenzari was pleased with you.
You visited 1 branch of the dungeon, and saw 7 of its levels.

You collected 137 gold pieces.

Inventory:

Hand Weapons
 a - the cursed +0 dagger of Ashenzari's Orthodoxy (weapon) {Self, Elem}
   (You found it on level 1 of the Dungeon)

   It has a curse which improves the following skills: Introspection: Fighting
   and Spellcasting.
   Elements:  Fire Magic, Ice Magic, Air Magic and Earth Magic.
 o - a +3 whip
 q - a +2 flail of protection
 u - a +3 flail
Missiles
 b - 48 stones (quivered)
Armour
 f - the cursed +0 pair of boots of Ashenzari's Loss (worn) {Bglg, Range}
   (You found it on level 2 of the Dungeon)

   It has a curse which improves the following skills: Beguiling: Conjurations,
   Hexes and Translocations.
   Ranged Combat: Slings, Bows, Crossbows and Throwing.
 r - a +2 pair of gloves of dexterity (worn)
Magical Staves
 g - a staff of air
Jewellery
 j - a ring of magical power (left hand)
 n - the cursed ring "Overhang to Understand" (right hand) {Slay+4, Evo, Comp}
   (You found it on level 4 of the Dungeon)

   [ring of slaying]

   Slay:      It affects your accuracy & damage with ranged weapons and melee
   (+4).
   It has a curse which improves the following skills: Evocations: Evocations.
   Companions: Summonings and Necromancy.
Scrolls
 c - a scroll of torment
 e - a scroll of holy word
 k - a scroll of brand weapon
 m - 2 scrolls of magic mapping
 p - a scroll of enchant armour
Potions
 d - 2 potions of curing
 h - a potion of heal wounds
 i - 2 potions of attraction
 l - 3 potions of flight
 s - a potion of mutation
 t - a potion of berserk rage


   Skills:
 - Level 2.7(4.0) Fighting
 - Level 1.7 Dodging
 - Level 1.7 Stealth
 + Level 4.3(5.7) Spellcasting
 - Level 1.3(2.3) Conjurations
 + Level 1.1(2.1) Summonings
 - Level 1.0 Transmutations
 + Level 1.1(2.1) Air Magic
 * Level 6.7(8.2) Earth Magic


You had 2 spell levels left.
You knew the following spells:

 Your Spells              Type           Power      Damage    Failure   Level
a - Sandblast             Erth           68%        2d15      1%          1
b - Lee's Rapid Deconstr  Erth           17%        3d11*     12%         5
c - Stone Arrow           Conj/Erth      48%        3d10      4%          3
d - Summon Lightning Spi  Summ/Air       12%        N/A       45%         4
P - Passwall              Tmut/Erth      17%        N/A       2%          2

Your spell library contained the following spells:

 Spells                   Type           Power      Damage    Failure   Level
 Shock                    Conj/Air       52%        1d6       4%          1
 Summon Small Mammal      Summ           48%        N/A       5%          1
 Call Imp                 Summ           12%        N/A       8%          2
 Static Discharge         Conj/Air       13%        N/A       8%          2
 Corpse Rot               Necr/Air       N/A        N/A       12%         2
 Call Canine Familiar     Summ           12%        N/A       16%         3
 Petrify                  Tmut/Erth      21%        N/A       19%         4
 Summon Guardian Golem    Hex/Summ       9%         N/A       24%         3
 Summon Ice Beast         Ice/Summ       9%         N/A       61%         4
 Freezing Cloud           Conj/Ice/Air   5%         6-21      88%         5
 Shatter                  Erth           17%        3d16*     100%        9


Dungeon Overview and Level Annotations

Branches:
Dungeon (7/15)
 Temple: D:4-7

Altars:
Ashenzari
Cheibriados
Dithmenos
Hepliaklqana
Kikubaaqudgha
Makhleb
Uskayaw
Yredelemnul

Annotations:
D:5 Dowan, Duvessa, Ijyb


Innate Abilities, Weirdness & Mutations

You can breathe blasts of fire.
Your fiery red scales are hard. (AC +6)
You cannot fit into any form of body armour.
Your flesh is heat resistant. (rF+)
You are cold-blooded and may be slowed by cold attacks.


Message History

You are yanked forward by the harpoon shot.
Things that are here:
a +0 mace; a +0 leather armour; an orc corpse The swamp worm fires a harpoon shot at you.
The harpoon shot hits you!
* * * LOW HITPOINT WARNING * * *
You are yanked forward by the harpoon shot.
Things that are here:
a +0 mace; a +0 leather armour; an orc corpse You aren't carrying any items that you can evoke.
Unknown command.
As you read the scroll of fear, it crumbles to dust.
You assume a fearsome visage.
The swamp worm looks frightened!
There is a stone staircase leading up here.
Items here: ( ) [ †.
You see here a killer bee corpse.
Found 13 gold pieces.
You now have 137 gold pieces (gained 13).
Casting: Sandblast (safe; 1% risk of failure)
Confirm with . or Enter, or press ? or * to list all spells.
Aiming: Passwall (safe; 2% risk of failure)
Press: ? - help, Dir - move target A rock wall.
You begin to meditate on the wall.
You continue meditating on the rock. x3
The swamp worm fires a harpoon shot at you.
The harpoon shot hits you!
* * * LOW HITPOINT WARNING * * *
Your meditation is interrupted.
You are yanked forward by the harpoon shot.
The swamp worm bites you!
* * * LOW HITPOINT WARNING * * *
Unknown command.
Unknown command.
Okay, then.
Okay, then.
As you read the scroll of summoning, it crumbles to dust.
Wisps of shadow whirl around you...
You have got your breath back.
The swamp worm bites you!!
You die...

* *########* # #
,,,...#.. ,.#.
###.#.###*#.# ****
* #.......# #.. , ,
, * #.....#.# #.#
,* ###.###.#
#.####### *
###.###.###.ow@l..#
*,
#.......)oo.#####.#
*,, ###.###)#†..#
#.# #...))<..## #.#
#######..# #.# #..#
#.# #..# #.# #.>#*
#.# ..... , ..#


You could see a swamp worm (ally target), a friendly orc warrior (summoned), a
friendly iguana (summoned) and 2 friendly orcs.

Vanquished Creatures
  2 water moccasins
  An orc warrior (D:7)
  An ogre (D:6)
  Blork the orc (D:6)
  2 killer bees (D:7)
  2 hounds (D:6)
  An orc priest (D:5)
  4 adders
  An ufetubus (D:3)
  2 dart slugs
  20 orcs
  3 bats (D:1)
  2 endoplasms
  5 giant cockroaches
  10 goblins
  3 hobgoblins
  10 jackals
  A quokka (D:4)
  6 ball pythons
  A frilled lizard (D:3)
  3 kobolds
  2 rats (D:2)
83 creatures vanquished.

Vanquished Creatures (others)
  3 plants (D:7)
3 creatures vanquished.

Grand Total: 86 creatures vanquished

Notes
Turn   | Place    | Note
-------+----------+-------------------------------------------
     0 | D:1      | dinky3 the Draconian Earth Elementalist began the quest for
                  | the Orb.
     0 | D:1      | Reached XP level 1. HP: 14/14 MP: 3/3
    59 | D:1      | Found a faded altar of an unknown god.
    60 | D:1      | Noticed a floating eye
    77 | D:1      | Reached XP level 2. HP: 17/20 MP: 0/5
   105 | D:1      | Noticed a floating eye
   106 | D:1      | Noticed a great orb of eyes
   106 | D:1      | Noticed a shining eye
   113 | D:1      | Became a worshipper of Ashenzari the Shackled
   202 | D:1      | Learned a level 2 spell: Passwall
   236 | D:2      | Reached XP level 3. HP: 15/27 MP: 1/7
   315 | D:2      | Reached skill level 1 in Fighting
   315 | D:2      | Reached skill level 4 in Earth Magic
   325 | D:2      | Learned a level 3 spell: Stone Arrow
   455 | D:2      | Reached * piety under Ashenzari
   547 | D:3      | Noticed a water moccasin
   566 | D:3      | Killed a water moccasin
   567 | D:3      | Reached skill level 1 in Conjurations
   567 | D:3      | Reached XP level 4. HP: 16/37 MP: 0/9
   567 | D:3      | Reached XP level 5. HP: 18/42 MP: 0/10
   600 | D:3      | Found a hazy altar of Hepliaklqana.
   601 | D:3      | Found a basalt altar of Yredelemnul.
   601 | D:3      | Found a hide-covered altar of Uskayaw.
   601 | D:3      | Found an ancient bone altar of Kikubaaqudgha.
   609 | D:3      | Found a shadowy altar of Dithmenos.
   609 | D:3      | Found a burning altar of Makhleb.
   860 | D:4      | Identified Sif Muna's Almanac of Earthen Weightlessness
   876 | D:4      | Reached skill level 5 in Earth Magic
   888 | D:4      | Learned a level 5 spell: Lee's Rapid Deconstruction
  1112 | D:4      | Noticed an ogre
  1137 | D:5      | Entered Level 5 of the Dungeon
  1180 | D:5      | Reached ** piety under Ashenzari
  1303 | D:5      | Noticed Ijyb
  1331 | D:6      | Identified a scroll of acquirement
  1339 | D:6      | Acquired a +2 pair of gloves of dexterity
  1346 | D:6      | Noticed an ogre
  1358 | D:6      | Found a snail-covered altar of Cheibriados.
  1379 | D:5      | Noticed Duvessa
  1379 | D:5      | Noticed Dowan
  1394 | D:6      | Noticed a water moccasin
  1401 | D:6      | Killed a water moccasin
  1402 | D:6      | Reached XP level 6. HP: 32/52 MP: 10/13
  1543 | D:6      | Reached skill level 6 in Earth Magic
  1543 | D:6      | Your scales start taking on a fiery red colour.
  1543 | D:6      | Reached XP level 7. HP: 59/59 MP: 3/14
  1543 | D:6      | Gained mutation: Your flesh is heat resistant. (rF+) [Red
                  | Draconian growth]
  1543 | D:6      | Noticed Blork the orc
  1549 | D:6      | Killed Blork the orc
  1564 | D:6      | Learned a level 4 spell: Summon Lightning Spire
  1586 | D:6      | Noticed a cyclops
  1651 | D:7      | Reached skill level 1 in Summonings
  1651 | D:7      | Reached skill level 1 in Air Magic
  1673 | D:7      | HP: 1/59 [swamp worm (13)]
  1674 | D:7      | Demolished by a swamp worm

Illustrated notes

Levels and vault maps discovered:
D:1:      heliophobic_arrival_enchanted_forest, layout_basic,
          hellmonk_ecumenical_altar_watching_god
D:2:      cheibrodos_old_hovel, layout_basic, minmay_misc_feat_ornament
D:3:      layout_loops_ring, minmay_overflow_temple_hex
D:4:      layout_basic, temple_statues
D:5:      layout_basic, elyvilon_altar_1, serial_bayou_ford_a, minivault_27,
          nicolae_shop_gadgets, uniq_duvessa, uniq_ijyb, uniq_eustachio
D:6:      layout_loops_cross, nicolae_overflow_crystal_walls,
          minmay_manual_monstrance, uniq_blork_the_orc
D:7:      layout_loops_ring, worms_lemuel, uniq_crazy_yiuf_cottage

Skill      XL: |  1  2  3  4  5  6  7 |
---------------+----------------------+-----
Fighting       | 1 2 |  2.7
Earth Magic    | 4 5 6 |  6.7
Spellcasting   | 3 4 |  4.3
Conjurations   | 1 |  1.3
Summonings     | 1 |  1.1
Air Magic      | 1 |  1.1
Dodging        | |  1.7
Stealth        | |  1.7
Transmutations | |  1.0

Action                   |  1- 3 |  4- 6 |  7- 9 || total
-------------------------+-------+-------+-------++-------
Melee: Unarmed           |    28 |       |       ||    28
       Dagger            |    53 |    14 |       ||    67
       Tailslap          |     5 |     4 |       ||     9
Throw: Stone             |       |     1 |       ||     1
 Cast: Sandblast         |    40 |     9 |     5 ||    54
       Stone Arrow       |     1 |    42 |     1 ||    44
       Passwall          |     1 |     5 |     2 ||     8
       Lee's Rapid Decon |       |       |     1 ||     1
Invok: Curse Item        |     2 |     1 |       ||     3
 Abil: Breathe Fire      |       |       |     3 ||     3
  Use: Scroll            |       |     1 |     2 ||     3
       Potion            |       |     1 |       ||     1
 Stab: Sleeping          |     3 |     1 |       ||     4
Armor: Skin              |    39 |     8 |     3 ||    50
Dodge: Dodged            |    69 |    23 |     3 ||    95

Table legend: (Time is in decaauts)
 A = Elapsed time spent in this place.
 B = Non-inter-level travel time spent in this place.
 C = Inter-level travel time spent in this place.
 D = Time resting spent in this place.
 E = Time spent auto-exploring this place.
 F = Levels seen in this place.
 G = Mean time per level.
                   A        B        C        D        E       F      G
               +--------+--------+--------+--------+--------+-----+--------+
         Total |   1684 |   1684 |      0 |      0 |      0 |   7 |  240.6 |
       Dungeon |   1684 |   1684 |      0 |      0 |      0 |   7 |  240.6 |
               +--------+--------+--------+--------+--------+-----+--------+

Top non-repeatable levels by time:
     D:3: 362 daAuts
     D:2: 333 daAuts
     D:6: 287 daAuts
     D:4: 237 daAuts
     D:1: 205 daAuts
     D:5: 201 daAuts
     D:7: 56 daAuts
